Workbook
Name Groupes: Feuil1!$C$2:$C$41

Sheet Feuil3
A1: Rang | B1: CLIENTS | C1: CA | D1: GROUPE
A2: =IF(B2="","",INDEX(Feuil2!E:E,MATCH(B2,Feuil2!$B:$B,0))) -> 1 | B2: {=IF(ROWS(B$2:B2)<=COUNTIF(Feuil2!$A$2:$A$839,$D$14),INDEX(Feuil2!$B$2:$B$839,SMALL(IF(Feuil2!$A$2:$A$839=$D$14,ROW(Feuil2!$A$2:$A$839)-ROW(Feuil2!$A$2)+1),ROWS(B$2:B2))),"")} -> ATAC 00227 VALENCE FRAIS | C2: =IF(B2="","",VLOOKUP(B2,Feuil2!$B$2:$C$839,2,0)) -> -600
A3: =IF(B3="","",INDEX(Feuil2!E:E,MATCH(B3,Feuil2!$B:$B,0))) -> 2 | B3: {=IF(ROWS(B$2:B3)<=COUNTIF(Feuil2!$A$2:$A$839,$D$14),INDEX(Feuil2!$B$2:$B$839,SMALL(IF(Feuil2!$A$2:$A$839=$D$14,ROW(Feuil2!$A$2:$A$839)-ROW(Feuil2!$A$2)+1),ROWS(B$2:B3))),"")} -> ATAC 00206 STRASB FRAIS 014622 | C3: =IF(B3="","",VLOOKUP(B3,Feuil2!$B$2:$C$839,2,0)) -> -500
A4: =IF(B4="","",INDEX(Feuil2!E:E,MATCH(B4,Feuil2!$B:$B,0))) -> 3 | B4: {=IF(ROWS(B$2:B4)<=COUNTIF(Feuil2!$A$2:$A$839,$D$14),INDEX(Feuil2!$B$2:$B$839,SMALL(IF(Feuil2!$A$2:$A$839=$D$14,ROW(Feuil2!$A$2:$A$839)-ROW(Feuil2!$A$2)+1),ROWS(B$2:B4))),"")} -> ATAC 00210 CHILLY FRAIS | C4: =IF(B4="","",VLOOKUP(B4,Feuil2!$B$2:$C$839,2,0)) -> 100
A5: =IF(B5="","",INDEX(Feuil2!E:E,MATCH(B5,Feuil2!$B:$B,0))) -> 4 | B5: {=IF(ROWS(B$2:B5)<=COUNTIF(Feuil2!$A$2:$A$839,$D$14),INDEX(Feuil2!$B$2:$B$839,SMALL(IF(Feuil2!$A$2:$A$839=$D$14,ROW(Feuil2!$A$2:$A$839)-ROW(Feuil2!$A$2)+1),ROWS(B$2:B5))),"")} -> ATAC 00221 COURNON FRAIS | C5: =IF(B5="","",VLOOKUP(B5,Feuil2!$B$2:$C$839,2,0)) -> 200
A6: =IF(B6="","",INDEX(Feuil2!E:E,MATCH(B6,Feuil2!$B:$B,0))) | B6: {=IF(ROWS(B$2:B6)<=COUNTIF(Feuil2!$A$2:$A$839,$D$14),INDEX(Feuil2!$B$2:$B$839,SMALL(IF(Feuil2!$A$2:$A$839=$D$14,ROW(Feuil2!$A$2:$A$839)-ROW(Feuil2!$A$2)+1),ROWS(B$2:B6))),"")} | C6: =IF(B6="","",VLOOKUP(B6,Feuil2!$B$2:$C$839,2,0))
A7: =IF(B7="","",INDEX(Feuil2!E:E,MATCH(B7,Feuil2!$B:$B,0))) | B7: {=IF(ROWS(B$2:B7)<=COUNTIF(Feuil2!$A$2:$A$839,$D$14),INDEX(Feuil2!$B$2:$B$839,SMALL(IF(Feuil2!$A$2:$A$839=$D$14,ROW(Feuil2!$A$2:$A$839)-ROW(Feuil2!$A$2)+1),ROWS(B$2:B7))),"")} | C7: =IF(B7="","",VLOOKUP(B7,Feuil2!$B$2:$C$839,2,0))
A8: =IF(B8="","",INDEX(Feuil2!E:E,MATCH(B8,Feuil2!$B:$B,0))) | B8: {=IF(ROWS(B$2:B8)<=COUNTIF(Feuil2!$A$2:$A$839,$D$14),INDEX(Feuil2!$B$2:$B$839,SMALL(IF(Feuil2!$A$2:$A$839=$D$14,ROW(Feuil2!$A$2:$A$839)-ROW(Feuil2!$A$2)+1),ROWS(B$2:B8))),"")} | C8: =IF(B8="","",VLOOKUP(B8,Feuil2!$B$2:$C$839,2,0))
A9: =IF(B9="","",INDEX(Feuil2!E:E,MATCH(B9,Feuil2!$B:$B,0))) | B9: {=IF(ROWS(B$2:B9)<=COUNTIF(Feuil2!$A$2:$A$839,$D$14),INDEX(Feuil2!$B$2:$B$839,SMALL(IF(Feuil2!$A$2:$A$839=$D$14,ROW(Feuil2!$A$2:$A$839)-ROW(Feuil2!$A$2)+1),ROWS(B$2:B9))),"")} | C9: =IF(B9="","",VLOOKUP(B9,Feuil2!$B$2:$C$839,2,0))
A10: =IF(B10="","",INDEX(Feuil2!E:E,MATCH(B10,Feuil2!$B:$B,0))) | B10: {=IF(ROWS(B$2:B10)<=COUNTIF(Feuil2!$A$2:$A$839,$D$14),INDEX(Feuil2!$B$2:$B$839,SMALL(IF(Feuil2!$A$2:$A$839=$D$14,ROW(Feuil2!$A$2:$A$839)-ROW(Feuil2!$A$2)+1),ROWS(B$2:B10))),"")} | C10: =IF(B10="","",VLOOKUP(B10,Feuil2!$B$2:$C$839,2,0))
A11: =IF(B11="","",INDEX(Feuil2!E:E,MATCH(B11,Feuil2!$B:$B,0))) | B11: {=IF(ROWS(B$2:B11)<=COUNTIF(Feuil2!$A$2:$A$839,$D$14),INDEX(Feuil2!$B$2:$B$839,SMALL(IF(Feuil2!$A$2:$A$839=$D$14,ROW(Feuil2!$A$2:$A$839)-ROW(Feuil2!$A$2)+1),ROWS(B$2:B11))),"")} | C11: =IF(B11="","",VLOOKUP(B11,Feuil2!$B$2:$C$839,2,0))
A12: =IF(B12="","",INDEX(Feuil2!E:E,MATCH(B12,Feuil2!$B:$B,0))) | B12: {=IF(ROWS(B$2:B12)<=COUNTIF(Feuil2!$A$2:$A$839,$D$14),INDEX(Feuil2!$B$2:$B$839,SMALL(IF(Feuil2!$A$2:$A$839=$D$14,ROW(Feuil2!$A$2:$A$839)-ROW(Feuil2!$A$2)+1),ROWS(B$2:B12))),"")} | C12: =IF(B12="","",VLOOKUP(B12,Feuil2!$B$2:$C$839,2,0))
A13: =IF(B13="","",INDEX(Feuil2!E:E,MATCH(B13,Feuil2!$B:$B,0))) | B13: {=IF(ROWS(B$2:B13)<=COUNTIF(Feuil2!$A$2:$A$839,$D$14),INDEX(Feuil2!$B$2:$B$839,SMALL(IF(Feuil2!$A$2:$A$839=$D$14,ROW(Feuil2!$A$2:$A$839)-ROW(Feuil2!$A$2)+1),ROWS(B$2:B13))),"")} | C13: =IF(B13="","",VLOOKUP(B13,Feuil2!$B$2:$C$839,2,0))
A14: =IF(B14="","",INDEX(Feuil2!E:E,MATCH(B14,Feuil2!$B:$B,0))) | B14: {=IF(ROWS(B$2:B14)<=COUNTIF(Feuil2!$A$2:$A$839,$D$14),INDEX(Feuil2!$B$2:$B$839,SMALL(IF(Feuil2!$A$2:$A$839=$D$14,ROW(Feuil2!$A$2:$A$839)-ROW(Feuil2!$A$2)+1),ROWS(B$2:B14))),"")} | C14: =IF(B14="","",VLOOKUP(B14,Feuil2!$B$2:$C$839,2,0)) | D14: ATAC
A15: =IF(B15="","",INDEX(Feuil2!E:E,MATCH(B15,Feuil2!$B:$B,0))) | B15: {=IF(ROWS(B$2:B15)<=COUNTIF(Feuil2!$A$2:$A$839,$D$14),INDEX(Feuil2!$B$2:$B$839,SMALL(IF(Feuil2!$A$2:$A$839=$D$14,ROW(Feuil2!$A$2:$A$839)-ROW(Feuil2!$A$2)+1),ROWS(B$2:B15))),"")} | C15: =IF(B15="","",VLOOKUP(B15,Feuil2!$B$2:$C$839,2,0))
A16: =IF(B16="","",INDEX(Feuil2!E:E,MATCH(B16,Feuil2!$B:$B,0))) | B16: {=IF(ROWS(B$2:B16)<=COUNTIF(Feuil2!$A$2:$A$839,$D$14),INDEX(Feuil2!$B$2:$B$839,SMALL(IF(Feuil2!$A$2:$A$839=$D$14,ROW(Feuil2!$A$2:$A$839)-ROW(Feuil2!$A$2)+1),ROWS(B$2:B16))),"")} | C16: =IF(B16="","",VLOOKUP(B16,Feuil2!$B$2:$C$839,2,0))
A17: =IF(B17="","",INDEX(Feuil2!E:E,MATCH(B17,Feuil2!$B:$B,0))) | B17: {=IF(ROWS(B$2:B17)<=COUNTIF(Feuil2!$A$2:$A$839,$D$14),INDEX(Feuil2!$B$2:$B$839,SMALL(IF(Feuil2!$A$2:$A$839=$D$14,ROW(Feuil2!$A$2:$A$839)-ROW(Feuil2!$A$2)+1),ROWS(B$2:B17))),"")} | C17: =IF(B17="","",VLOOKUP(B17,Feuil2!$B$2:$C$839,2,0))
A18: =IF(B18="","",INDEX(Feuil2!E:E,MATCH(B18,Feuil2!$B:$B,0))) | B18: {=IF(ROWS(B$2:B18)<=COUNTIF(Feuil2!$A$2:$A$839,$D$14),INDEX(Feuil2!$B$2:$B$839,SMALL(IF(Feuil2!$A$2:$A$839=$D$14,ROW(Feuil2!$A$2:$A$839)-ROW(Feuil2!$A$2)+1),ROWS(B$2:B18))),"")} | C18: =IF(B18="","",VLOOKUP(B18,Feuil2!$B$2:$C$839,2,0))
A19: =IF(B19="","",INDEX(Feuil2!E:E,MATCH(B19,Feuil2!$B:$B,0))) | B19: {=IF(ROWS(B$2:B19)<=COUNTIF(Feuil2!$A$2:$A$839,$D$14),INDEX(Feuil2!$B$2:$B$839,SMALL(IF(Feuil2!$A$2:$A$839=$D$14,ROW(Feuil2!$A$2:$A$839)-ROW(Feuil2!$A$2)+1),ROWS(B$2:B19))),"")} | C19: =IF(B19="","",VLOOKUP(B19,Feuil2!$B$2:$C$839,2,0))
A20: =IF(B20="","",INDEX(Feuil2!E:E,MATCH(B20,Feuil2!$B:$B,0))) | B20: {=IF(ROWS(B$2:B20)<=COUNTIF(Feuil2!$A$2:$A$839,$D$14),INDEX(Feuil2!$B$2:$B$839,SMALL(IF(Feuil2!$A$2:$A$839=$D$14,ROW(Feuil2!$A$2:$A$839)-ROW(Feuil2!$A$2)+1),ROWS(B$2:B20))),"")} | C20: =IF(B20="","",VLOOKUP(B20,Feuil2!$B$2:$C$839,2,0))
A21: =IF(B21="","",INDEX(Feuil2!E:E,MATCH(B21,Feuil2!$B:$B,0))) | B21: {=IF(ROWS(B$2:B21)<=COUNTIF(Feuil2!$A$2:$A$839,$D$14),INDEX(Feuil2!$B$2:$B$839,SMALL(IF(Feuil2!$A$2:$A$839=$D$14,ROW(Feuil2!$A$2:$A$839)-ROW(Feuil2!$A$2)+1),ROWS(B$2:B21))),"")} | C21: =IF(B21="","",VLOOKUP(B21,Feuil2!$B$2:$C$839,2,0))
A22: =IF(B22="","",INDEX(Feuil2!E:E,MATCH(B22,Feuil2!$B:$B,0))) | B22: {=IF(ROWS(B$2:B22)<=COUNTIF(Feuil2!$A$2:$A$839,$D$14),INDEX(Feuil2!$B$2:$B$839,SMALL(IF(Feuil2!$A$2:$A$839=$D$14,ROW(Feuil2!$A$2:$A$839)-ROW(Feuil2!$A$2)+1),ROWS(B$2:B22))),"")} | C22: =IF(B22="","",VLOOKUP(B22,Feuil2!$B$2:$C$839,2,0))
A23: =IF(B23="","",INDEX(Feuil2!E:E,MATCH(B23,Feuil2!$B:$B,0))) | B23: {=IF(ROWS(B$2:B23)<=COUNTIF(Feuil2!$A$2:$A$839,$D$14),INDEX(Feuil2!$B$2:$B$839,SMALL(IF(Feuil2!$A$2:$A$839=$D$14,ROW(Feuil2!$A$2:$A$839)-ROW(Feuil2!$A$2)+1),ROWS(B$2:B23))),"")} | C23: =IF(B23="","",VLOOKUP(B23,Feuil2!$B$2:$C$839,2,0))
A24: =IF(B24="","",INDEX(Feuil2!E:E,MATCH(B24,Feuil2!$B:$B,0))) | B24: {=IF(ROWS(B$2:B24)<=COUNTIF(Feuil2!$A$2:$A$839,$D$14),INDEX(Feuil2!$B$2:$B$839,SMALL(IF(Feuil2!$A$2:$A$839=$D$14,ROW(Feuil2!$A$2:$A$839)-ROW(Feuil2!$A$2)+1),ROWS(B$2:B24))),"")} | C24: =IF(B24="","",VLOOKUP(B24,Feuil2!$B$2:$C$839,2,0))
A25: =IF(B25="","",INDEX(Feuil2!E:E,MATCH(B25,Feuil2!$B:$B,0))) | B25: {=IF(ROWS(B$2:B25)<=COUNTIF(Feuil2!$A$2:$A$839,$D$14),INDEX(Feuil2!$B$2:$B$839,SMALL(IF(Feuil2!$A$2:$A$839=$D$14,ROW(Feuil2!$A$2:$A$839)-ROW(Feuil2!$A$2)+1),ROWS(B$2:B25))),"")} | C25: =IF(B25="","",VLOOKUP(B25,Feuil2!$B$2:$C$839,2,0))
A26: =IF(B26="","",INDEX(Feuil2!E:E,MATCH(B26,Feuil2!$B:$B,0))) | B26: {=IF(ROWS(B$2:B26)<=COUNTIF(Feuil2!$A$2:$A$839,$D$14),INDEX(Feuil2!$B$2:$B$839,SMALL(IF(Feuil2!$A$2:$A$839=$D$14,ROW(Feuil2!$A$2:$A$839)-ROW(Feuil2!$A$2)+1),ROWS(B$2:B26))),"")} | C26: =IF(B26="","",VLOOKUP(B26,Feuil2!$B$2:$C$839,2,0))
... A100: =IF(B100="","",INDEX(Feuil2!E:E,MATCH(B100,Feuil2!$B:$B,0))) | B100: {=IF(ROWS(B$2:B100)<=COUNTIF(Feuil2!$A$2:$A$839,$D$14),INDEX(Feuil2!$B$2:$B$839,SMALL(IF(Feuil2!$A$2:$A$839=$D$14,ROW(Feuil2!$A$2:$A$839)-ROW(Feuil2!$A$2)+1),ROWS(B$2:B100))),"")} | C100: =IF(B100="","",VLOOKUP(B100,Feuil2!$B$2:$C$839,2,0))

Sheet Feuil4
A1: Groupe société | B1: ATAC
A3: Étiquettes de lignes | B3: CA | C3: rang CA
A4: ATAC 00227 VALENCE FRAIS | B4: -600 | C4: 1
A5: ATAC 00206 STRASB FRAIS 014622 | B5: -500 | C5: 2
A6: ATAC 00210 CHILLY FRAIS | B6: 100 | C6: 3
A7: ATAC 00221 COURNON FRAIS | B7: 200 | C7: 4

Sheet Feuil2
A1: Groupe société | B1: Clients | C1: CA | D1: Aide | E1: Rang par Groupe
A2: AGRIAL | B2: AGRIAL OP LEGUMES | C2: 100 | D2: =C2+(ROW()/100000) -> 100.00002 | E2: =SUMPRODUCT(--($A$2:$A$839=A2),--(D2>$D$2:$D$839))+1 -> 1
A3: AGRIAL | B3: VEGA MAYOR SL | C3: 200 | D3: =C3+(ROW()/100000) -> 200.00003 | E3: =SUMPRODUCT(--($A$2:$A$839=A3),--(D3>$D$2:$D$839))+1 -> 2
A4: AGRIAL | B4: SOLECO SAS | C4: 300 | D4: =C4+(ROW()/100000) -> 300.00004 | E4: =SUMPRODUCT(--($A$2:$A$839=A4),--(D4>$D$2:$D$839))+1 -> 3
A5: ATAC | B5: ATAC 00227 VALENCE FRAIS | C5: -600 | D5: =C5+(ROW()/100000) -> -599.99995 | E5: =SUMPRODUCT(--($A$2:$A$839=A5),--(D5>$D$2:$D$839))+1 -> 1
A6: ATAC | B6: ATAC 00206 STRASB FRAIS 014622 | C6: -500 | D6: =C6+(ROW()/100000) -> -499.99994 | E6: =SUMPRODUCT(--($A$2:$A$839=A6),--(D6>$D$2:$D$839))+1 -> 2
A7: ATAC | B7: ATAC 00210 CHILLY FRAIS | C7: 100 | D7: =C7+(ROW()/100000) -> 100.00007 | E7: =SUMPRODUCT(--($A$2:$A$839=A7),--(D7>$D$2:$D$839))+1 -> 3
A8: ATAC | B8: ATAC 00221 COURNON FRAIS | C8: 200 | D8: =C8+(ROW()/100000) -> 200.00008 | E8: =SUMPRODUCT(--($A$2:$A$839=A8),--(D8>$D$2:$D$839))+1 -> 4
A9: AUCHAN | B9: SCOFEL TOURS 223 SA | C9: -767.85714 | D9: =C9+(ROW()/100000) -> -767.85705 | E9: =SUMPRODUCT(--($A$2:$A$839=A9),--(D9>$D$2:$D$839))+1 -> 1
A10: AUCHAN | B10: SCOFEL STRASBOURG 098 SA | C10: -685.71429 | D10: =C10+(ROW()/100000) -> -685.71419 | E10: =SUMPRODUCT(--($A$2:$A$839=A10),--(D10>$D$2:$D$839))+1 -> 2
A11: AUCHAN | B11: SCOFEL PARIS 073 SA | C11: -603.57143 | D11: =C11+(ROW()/100000) -> -603.57132 | E11: =SUMPRODUCT(--($A$2:$A$839=A11),--(D11>$D$2:$D$839))+1 -> 3
A12: AUCHAN | B12: SCOFEL NOVES 075 SA | C12: -521.42857 | D12: =C12+(ROW()/100000) -> -521.42845 | E12: =SUMPRODUCT(--($A$2:$A$839=A12),--(D12>$D$2:$D$839))+1 -> 4
A13: AUCHAN | B13: SCOFEL LOMME | C13: -439.28571 | D13: =C13+(ROW()/100000) -> -439.28558 | E13: =SUMPRODUCT(--($A$2:$A$839=A13),--(D13>$D$2:$D$839))+1 -> 5
... A492: Sans groupe | B492: 4FRUIT COMPANY BV | C492: -29189.286 | D492: =C492+(ROW()/100000) -> -29189.281 | E492: =SUMPRODUCT(--($A$2:$A$839=A492),--(D492>$D$2:$D$839))+1 -> 133
A493: Sans groupe | B493: FRAIS DISCOUNT | E493: =SUMPRODUCT(--($A$2:$A$839=A493),--(D493>$D$2:$D$839))+1 -> 134
A494: Sans groupe | B494: FRASQUET ET FILS SARL | E494: =SUMPRODUCT(--($A$2:$A$839=A494),--(D494>$D$2:$D$839))+1 -> 134
A495: Sans groupe | B495: FREDFRUITS | E495: =SUMPRODUCT(--($A$2:$A$839=A495),--(D495>$D$2:$D$839))+1 -> 134
A496: Sans groupe | B496: FRENCH GARDEN | E496: =SUMPRODUCT(--($A$2:$A$839=A496),--(D496>$D$2:$D$839))+1 -> 134
A497: Sans groupe | B497: FRENCH GARDEN DIRECT | E497: =SUMPRODUCT(--($A$2:$A$839=A497),--(D497>$D$2:$D$839))+1 -> 134
A498: Sans groupe | B498: FRESH COM | E498: =SUMPRODUCT(--($A$2:$A$839=A498),--(D498>$D$2:$D$839))+1 -> 134
A499: Sans groupe | B499: FRESH SELECT SARL | E499: =SUMPRODUCT(--($A$2:$A$839=A499),--(D499>$D$2:$D$839))+1 -> 134
A500: Sans groupe | B500: FRESKO LTD | E500: =SUMPRODUCT(--($A$2:$A$839=A500),--(D500>$D$2:$D$839))+1 -> 134
A501: Sans groupe | B501: FRUCHTHOF NORTHEIM GMBH & COK6 | E501: =SUMPRODUCT(--($A$2:$A$839=A501),--(D501>$D$2:$D$839))+1 -> 134
A502: Sans groupe | B502: FRUITI ROYAN | E502: =SUMPRODUCT(--($A$2:$A$839=A502),--(D502>$D$2:$D$839))+1 -> 134
A503: Sans groupe | B503: FRUITNESS INTERNATIONAL GMBH | E503: =SUMPRODUCT(--($A$2:$A$839=A503),--(D503>$D$2:$D$839))+1 -> 134
A504: Sans groupe | B504: FRUITS ROUGES DU PERIGORD | E504: =SUMPRODUCT(--($A$2:$A$839=A504),--(D504>$D$2:$D$839))+1 -> 134
... A839: VIVALYA | B839: VIALE ET DUMAY SARL | E839: =SUMPRODUCT(--($A$2:$A$839=A839),--(D839>$D$2:$D$839))+1 -> 1

Sheet Feuil1
C1: Groupes
A2: AGRIAL | C2: AGRIAL
A3: AUCHAN | C3: ATAC
A4: AUTRES GASC | C4: AUCHAN
A5: ATAC | C5: AUTRES GASC
A6: BONDUELLE | C6: BONDUELLE
A7: CARREFOUR | C7: CARREFOUR
A8: CASINO | C8: CASINO
A9: CONCURRENTS | C9: CONCURRENTS
A10: COOP DE NORMANDIE | C10: COOP DE NORMANDIE
A11: COOP REGIONALE | C11: COOP REGIONALE
A12: COURTIERS | C12: CRENO
A13: CRENO | C13: EURALIS GROUPE
... A41: SCAFRUITS | C41: VIVALYA
A42: SODEBO
A43: SYSTEME U
A44: TRANSPORTEURS
A45: TURENNE LAFAYETTE
A46: VIVALYA
